 Dungeon Crawl Stone Soup version 0.17-a0-1923-gc35365e (webtiles) character file.

219 derrpe the Firebug (level 5, -18/45 HPs)
             Began as an Ogre Fire Elementalist on Sept 28, 2015.
             Demolished by an ogre
             ... wielding a +0 giant club
              (24 damage)
             ... on level 4 of the Dungeon.
             The game lasted 00:08:19 (4018 turns).

derrpe the Firebug (Ogre Fire Elementalist)         Turns: 4018, Time: 00:08:19

Health: -18/45     AC:  4    Str: 13    XL:     5   Next: 96%
Magic:  0/8        EV: 10    Int: 15    God:
Gold:   116        SH:  0    Dex: 10    Spells: 1 memorised, 7 levels left

rFire  . . .     SeeInvis .     w - staff of air (curse)
rCold  . . .     Clarity  .     a - +0 robe
rNeg   . . .     SustAt   .     (no shield)
rPois  .         Gourm    .     (helmet restricted)
rElec  +         Spirit   .     s - +0 cloak
rCorr  .         Warding  .     (gloves unavailable)
rMut   .         Stasis   .     (boots unavailable)
MR     .....                    k - amulet of regeneration
Stlth  +.........               (no ring)
                                (no ring)

@: not resistant to hostile enchantments, very unstealthy
A: unfitting armour, tough skin 1
a: no special abilities


You were on level 4 of the Dungeon.
You were hungry.

You visited 1 branch of the dungeon, and saw 4 of its levels.

You collected 116 gold pieces.

Inventory:

Hand weapons
 o - a +0 club
Missiles
 q - 2 silver javelins (quivered)
Armour
 a - a +0 robe (worn)
 s - a +0 cloak (worn)
Magical staves
 w - a cursed staff of air (weapon)
Jewellery
 k - an amulet of regeneration (around neck)
Magical devices
 n - a wand of slowing (18)
Scrolls
 e - a scroll of fog {unknown}
 g - 2 scrolls of magic mapping {unknown}
 h - a scroll of enchant armour {unknown}
 l - 5 scrolls of identify {unknown}
 m - 2 scrolls of remove curse {unknown}
 p - a scroll of blinking {unknown}
 t - a scroll of noise {unknown}
 v - a scroll of enchant weapon {unknown}
Potions
 d - a potion of heal wounds {unknown}
 f - 2 potions of curing {unknown}
 i - a potion of might {unknown}
 j - a potion of haste {unknown}
 r - a potion of degeneration {unknown}
Books
 b - a book of Flames

   Spells                             Type                      Level
   a - Flame Tongue                   Conjuration/Fire             1
   b - Throw Flame                    Conjuration/Fire             2
   c - Conjure Flame                  Conjuration/Fire             3
   d - Inner Flame                    Hexes/Fire                   3
   e - Sticky Flame                   Conjuration/Fire             4
   f - Fireball                       Conjuration/Fire             5
Comestibles
 c - a bread ration {@e1}


   Skills:
 - Level 1.7 Dodging
 - Level 1.5 Stealth
 - Level 2.4 Spellcasting
 * Level 3.3 Conjurations
 + Level 3.4 Fire Magic


You had 7 spell levels left.
You knew the following spells:

 Your Spells              Type           Power        Failure   Level  Hunger
a - Flame Tongue          Conj/Fire      ##...        8%          1    #......


Dungeon Overview and Level Annotations

Branches:
Dungeon (4/15)
 Temple: D:4-7

Altars:
Sif Muna
Xom


Innate Abilities, Weirdness & Mutations

You are too large for most types of armour.
You have tough skin (AC +1).


Message History

The ogre is almost dead.
The ogre hits you with a giant club!
* * * LOW HITPOINT WARNING * * *
Casting: Flame Tongue
Confirm with . or Enter, or press ? or * to list all spells.
Aiming: Flame Tongue
Press: ? - help, Shift-Dir - straight line, f/p - ogre
Aim: an ogre, wielding a giant club (almost dead)
The flame tongue hits the ogre.
The ogre appears unharmed.
The ogre is almost dead.
Casting: Flame Tongue
Confirm with . or Enter, or press ? or * to list all spells.
Aiming: Flame Tongue
Press: ? - help, Shift-Dir - straight line, f/p - ogre
Aim: an ogre, wielding a giant club (almost dead)
The flame tongue hits the ogre.
The ogre is almost dead.
The ogre hits you with a giant club!!
Ouch! That really hurt!
You die...

#####
#...#
#...#
#...#
#..@#
.......O#
..###...#
#..(#
#.(.#
#...#
#...#
..###


You could see an ogre.

Vanquished Creatures
  A giant frog (D:3)
  A worker ant (D:3)
  6 adders
  An ooze (D:3)
  3 worms
  4 giant geckos
  8 bats
  6 giant cockroaches
  8 goblins
  9 hobgoblins
  5 jackals
  9 giant newts
  10 kobolds
  11 rats
82 creatures vanquished.

Notes
Turn   | Place    | Note
--------------------------------------------------------------
     0 | D:1      | derrpe the Ogre Fire Elementalist began the quest for the Orb.
     0 | D:1      | Reached XP level 1. HP: 16/16 MP: 3/3
   422 | D:1      | Found a shimmering altar of Xom.
   427 | D:1      | Reached skill level 1 in Conjurations
   461 | D:1      | Reached XP level 2. HP: 24/24 MP: 1/5
  1130 | D:1      | Reached XP level 3. HP: 31/31 MP: 3/6
  1641 | D:2      | Reached XP level 4. HP: 27/39 MP: 0/7
  2769 | D:3      | Reached skill level 3 in Fire Magic
  3256 | D:3      | Found a deep blue altar of Sif Muna.
  3259 | D:3      | Reached XP level 5. HP: 45/45 MP: 4/8
  4008 | D:4      | Noticed an ogre
  4018 | D:4      | Demolished by an ogre

Vault maps used:
D:1:      minmay_arrival_stone_box, serial_bayou_lagoon_a, xom_teletrap_fun
D:2:      kennysheep_big_flooded_room
D:3:      lemuel_crystal_altar, serial_forest, infiniplex_forest_straight_3,
          infiniplex_forest_lined_room_2, infiniplex_forest_lined_corner,
          infiniplex_forest_clump_diagonal, dk_noncrumbling_3
D:4:      first_bread

Action                   |  1- 3 |  4- 6 || total
-------------------------+-------+-------++-------
Melee: Unarmed           |    14 |       ||    14
       Club              |    25 |    25 ||    50
       Staff             |       |    14 ||    14
Throw: Javelin           |       |     2 ||     2
 Cast: Flame Tongue      |    75 |   109 ||   184
  Eat: Chunk             |     3 |    10 ||    13
